 Dungeon Sprint DCSS version 0.30-a0-1008-g30c9307041 (webtiles) character file.

Game seed: 15146864480533579626

8761 fozzywoppz the Slayer (level 16, -8/125 HPs)
             Began as a Gargoyle Fighter on Apr 6, 2023.
             Was a High Priest of Okawaru.
             Mangled by Geryon (21 damage)
             ... in the Dungeon (Sprint VI: "Thunderdome").
             The game lasted 00:27:20 (2867 turns).

fozzywoppz the Slayer (Gargoyle Fighter)            Turns: 2867, Time: 00:27:20

Health: -8/125     AC: 41    Str: 31    XL:     16   Next: 11%
Magic:  8/25       EV: 10    Int: 21    God:    Okawaru [*****.]
Gold:   509        SH: 13    Dex: 13    Spells: 15/15 levels left

rFire   + . .      SeeInvis .    y - +5 morningstar (protect)
rCold   + + .      Faith    .    k - +2 buckler {reflect}
rNeg    + . .      Spirit   .    a - +0 gold dragon scales
rPois   ∞          Reflect  +    (no helmet)
rElec   +          Rampage  .    (no cloak)
rCorr   .          NoTele   +    (no gloves)
Will    +....                    (no boots) Stlth
                                 o - amulet of Faonet {Reflect Int+4 SH+5 Stlth+}
HPRegen 0.40/turn                p - ring "Xunaokuju" {rPois rC+ Str+5}
MPRegen 0.19/turn                A - ring "Nepnarch" {rElec Str+2 Int+6 Dex+2}

@: mighty, under a protective aura, flying, hasted, very quick
A: sickness immunity, AC +12, big wings, negative energy resistance 1,
electricity resistance, torment resistance 1, petrification resistance
}: 3/15 runes: serpentine, barnacled, elven
a: Renounce Religion, Heroism, Finesse


You were in the Dungeon.
You worshipped Okawaru.
Okawaru was extremely pleased with you.
You visited 1 branch You collected 4720 gold pieces.
You spent 4211 gold pieces at shops.

Inventory:

Hand Weapons
 y - a +5 morningstar of protection (weapon)
Missiles
 u - 4 throwing nets (quivered)
 v - a javelin
Armour
 a - +0 gold dragon scales (worn)
 b - a +0 troll leather armour {Pargi}
 c - a +0 buckler
 k - a +2 buckler of reflection (worn)
 q - a +2 chain mail of fire resistance
Jewellery
 o - the amulet of Faonet (around neck) {Reflect Int+4 SH+5 Stlth+}
   (You bought it in a shop in the Dungeon)

   [amulet of reflection]

   It reflects blocked missile attacks.
   Int:       It affects your intelligence (+4).
   SH:        It affects your SH (+5).
   Stlth:     It makes you more stealthy.
 p - the ring "Xunaokuju" (left hand) {rPois rC+ Str+5}
   (You bought it in a shop in the Dungeon)

   [ring of protection from cold]

   Str:       It affects your strength (+5).
   rC:        It protects you from cold.
   rPois:     It protects you from poison.
 r - the ring of Ighaet {Fly rN+ Stlth+}
   (You bought it in a shop in the Dungeon)

   [ring of positive energy]

   rN:        It protects you from negative energy.
   Fly:       It grants you flight.
   Stlth:     It makes you more stealthy.
 s - the ring "Huasoukh" {rF+ MP+9 Stlth+}
   (You bought it in a shop in the Dungeon)

   [ring of magical power]

   rF:        It protects you from fire.
   MP:        It affects your magic capacity (+9).
   Stlth:     It makes you more stealthy.
 t - the amulet of the Sky {RegenMP SInv}
   (You bought it in a shop in the Dungeon)

   [amulet of magic regeneration]

   It increases your rate of magic regeneration.
   SInv:      It lets you see invisible.
 w - the ring "Yrathaer" {Ice Dex+2 SInv Stlth+}
   (You found it in the Dungeon)

   [ring of ice]

   It enhances your ice magic.
   Dex:       It affects your dexterity (+2).
   rF:        It makes you vulnerable to fire.
   rC:        It protects you from cold.
   SInv:      It lets you see invisible.
   Stlth:     It makes you more stealthy.
 A - the ring "Nepnarch" (right hand) {rElec Str+2 Int+6 Dex+2}
   (You bought it in a shop in the Dungeon)

   [ring of intelligence]

   Str:       It affects your strength (+2).
   Int:       It affects your intelligence (+6).
   Dex:       It affects your dexterity (+2).
   rElec:     It insulates you from electricity.
Scrolls
 m - 2 scrolls of fog
 z - a scroll of brand weapon
Potions
 d - 3 potions of might
 e - 4 potions of curing
 f - 4 potions of heal wounds
 g - a potion of haste
 h - 2 potions of magic
 i - 2 potions of berserk rage
 l - 2 potions of degeneration {unknown}
 n - a potion of resistance


   Skills:
 + Level 23.1 Fighting
 - Level 18.0 Maces & Flails
 + Level 5.1 Throwing
 + Level 19.3 Armour
 - Level 10.1 Dodging
 - Level 9.4 Shields
 - Level 12.0 Invocations


You had 15 spell levels left.
You didn't know any spells.
Your spell library was empty.

Dungeon Overview and Level Annotations

Branches:
Dungeon (1/1)

Altars:
Cheibriados
Dithmenos
Fedhas
Gozag
Kikubaaqudgha
Makhleb
Okawaru
Qazlal
Ru
Sif Muna
Trog
Uskayaw
Vehumet
Wu Jian
Xom
Yredelemnul
Zin
The Shining One
Lugonu

Shops:
D *[??*?*:[((!!!!

Annotations:
D Geryon


Innate Abilities, Weirdness & Mutations

You are immune to sickness and miasma.
Your stone body is resilient. (AC +12)
You are immune to poison.
Your large and strong wings let you fly.
You resist negative energy. (rN+)
You are resistant to electric shocks. (rElec)
You are resistant to unholy torment.
You are immune to petrification.


Message History

The hell beast barely misses you.
The hell beast tramples you but does no damage.
The reaper closely misses you.
Things that are here:
a +2 dagger of flaming; a +2 robe of cold resistance; an elf skeleton You bludgeon the reaper!!
The reaper is heavily wounded.
You bludgeon the reaper!!
The reaper is almost dead.
You block the reaper's attack.
You bludgeon the reaper!!
You kill the reaper!
Okawaru accepts your kill.
The hell beast bites you but does no damage.
You block the hell beast's attack. The hell beast bites you!
* * * LOW HITPOINT WARNING * * *
The hell beast tramples you but does no damage.
Your life force feels restored.
Your Throwing skill increases to level 5!
Blink to where?
Press: ? - help, Dir - move target
As you read the scroll of blinking, it crumbles to dust.
The hell beast completely misses you.
The hell beast tramples you but does no damage.
You block the necromancer's attack.
You hit Geryon.
Geryon is severely wounded.
Geryon tail-slaps you!
* * * LOW HITPOINT WARNING * * *
The hell beast bites you but does no damage.
You block the hell beast's attack.
You sock Geryon!
Geryon is severely wounded. 50...
You block the hell beast's attack. x2
The necromancer hits you but does no damage.
The hell beast closely misses you.
The hell beast tramples you but does no damage.
Geryon tail-slaps you!!
You die...

#_......._# #_......._#
#_......._# ###.........###
#⌠.....[)....)#
######.8)[.......8.#####
##.___..3.2.....[....___∩
###∩.....2p38)#.#.8.)..[...
##.........@&22###[....[)[..
#⌠..........2.22).###)......
#⌠..........###32.# #.......
#⌠..........###2..###.......
##....)......))###.[........
###∩.....)).82# #[8........
##∩__......[###......___∩
######.8.........8.#####
#⌠...........⌠#


You could see Geryon, 7 hell beasts, a reaper, a soul eater, 2 sun demons and a
necromancer.

Vanquished Creatures
  A deep elf elementalist (D)
  Polyphemus (D)
  A reaper (D)
  Nessos (D)
  An eleionoma (D)
  A lorocyproca (D)
  An eidolon (D)
  A naga warrior (D)
  Harold (D)
  4 hydras (D)
  Erica (D)
  2 centaur warriors (D)
  2 boulder beetles (D)
  2 ogre magi (D)
  A merfolk avatar (D)
  A tengu warrior (D)
  A vampire mage (D)
  A hell knight (D)
  3 soul eaters (D)
  A sun demon (D)
  A bog body (D)
  A wizard (D)
  2 deep elf pyromancers (D)
  2 swamp dragons (D)
  A deep elf zephyrmancer (D)
  A wolf spider (D)
  A mana viper (D)
  9 ugly things (D)
  A manticore (D)
  A cyclops (D)
  3 naga magi (D)
  A freezing wraith (D)
  A cane toad (D)
  6 queen bees (D)
  A troll (D)
  A blink frog (D)
  A vampire (D)
  7 wraiths (D)
  A yak (shapeshifter) (D)
  A redback (D)
  An acid dragon (D)
  Pargi (D)
  A hell hound (D)
  7 centaurs (D)
  4 bullfrogs (D)
  6 scorpions (D)
  6 killer bees (D)
  An iguana (D)
  Terence (D)
  A hell rat (D)
  2 river rats (D)
  An endoplasm (D)
  A bat (D)
  A bat simulacrum (D)
  A goblin (D)
  2 rats (D)
108 creatures vanquished.

Vanquished Creatures (others)
  An alligator (D)
  A swamp dragon (D)
  A tyrant leech (D)
3 creatures vanquished.

Grand Total: 111 creatures vanquished

Notes
Turn   | Place    | Note
-------+----------+-------------------------------------------
     0 | D        | fozzywoppz the Gargoyle Fighter began the quest for the
                  | Orb.
     0 | D        | Reached XP level 1. HP: 14/14 MP: 1/1
     1 | D        | Found an iron altar of Okawaru.
     1 | D        | Found a bloodstained altar of Trog.
     2 | D        | Found an ornate altar of the Wu Jian Council.
     2 | D        | Found an opulent altar of Gozag.
     3 | D        | Found a glowing golden altar of the Shining One.
     4 | D        | Found Suas's Distillery.
     4 | D        | Found a shimmering altar of Xom.
     4 | D        | Found a shimmering blue altar of Sif Muna.
     4 | D        | Found Riacseimp's Do-It-Yourself Clinic.
     5 | D        | Found Covipn's Distillery.
     5 | D        | Found Qafeguax's Bottled Wisdom.
     5 | D        | Round 1.
     9 | D        | Found a corrupted altar of Lugonu.
    13 | D        | Became a worshipper of Warmaster Okawaru
    19 | D        | Found a burning altar of Makhleb.
    20 | D        | Found a hide-covered altar of Uskayaw.
    21 | D        | Found Quojil's Weapon Rack.
    30 | D        | Found Mihoew's Staff Store.
    31 | D        | Found a stormy altar of Qazlal.
    31 | D        | Found a basalt altar of Yredelemnul.
    31 | D        | Found a blossoming altar of Fedhas.
    31 | D        | Found Jaifiuq's Magic Scroll Shop.
    31 | D        | Found Gupso's Must-Have Magic.
    31 | D        | Found Rostaf's Magic Scroll Shop.
    35 | D        | Found a shadowy altar of Dithmenos.
    36 | D        | Found a glowing silver altar of Zin.
    37 | D        | Found an ancient bone altar of Kikubaaqudgha.
    38 | D        | Found a radiant altar of Vehumet.
    38 | D        | Found a snail-covered altar of Cheibriados.
    38 | D        | Found Tatoolab's Identification Station.
    39 | D        | Found Natouset's Jewellery.
    39 | D        | Found Fewuapt's Advanced Armour.
    48 | D        | Bought a coiled zirconium amulet for 45 gold pieces
    48 | D        | Identified the amulet of Faonet {Reflect Int+4 SH+5 Stlth+}
                  | (You bought it in a shop in the Dungeon)
    48 | D        | Bought a flickering turquoise ring for 45 gold pieces
    48 | D        | Identified the ring "Xunaokuju" {rPois rC+ Str+5} (You
                  | bought it in a shop in the Dungeon)
    65 | D        | Found a sacrificial altar of Ru.
    66 | D        | Found Tiuvem's Premium Goods.
    67 | D        | Found Qoguixt's Miscellaneous Merchandise.
    67 | D        | Found Jogashrici's Basic Armour.
    94 | D        | Bought 3 potions of heal wounds for 105 gold pieces
   134 | D        | Noticed an iguana
   145 | D        | Killed an iguana
   146 | D        | Reached skill level 4 in Fighting
   146 | D        | Reached XP level 2. HP: 16/20 MP: 2/2
   146 | D        | Reached XP level 3. HP: 19/24 MP: 3/3
   151 | D        | Noticed Terence
   164 | D        | Killed Terence
   164 | D        | Reached * piety under Okawaru
   164 | D        | Arena points: 12 (+12) [x2]
   165 | D        | Reached skill level 5 in Fighting
   165 | D        | Reached skill level 5 in Armour
   165 | D        | Reached skill level 5 in Shields
   204 | D        | Round 2.
   215 | D        | Noticed Pargi
   218 | D        | Reached XP level 4. HP: 12/31 MP: 4/4
   229 | D        | Killed Pargi
   230 | D        | Reached skill level 6 in Fighting
   230 | D        | Reached skill level 5 in Maces & Flails
   230 | D        | Reached XP level 5. HP: 19/37 MP: 5/5
   243 | D        | Arena points: 54 (+42) [x3]
   244 | D        | Reached skill level 7 in Fighting
   270 | D        | Round 3.
   272 | D        | Noticed a cane toad
   289 | D        | Killed a cane toad
   290 | D        | Reached skill level 8 in Fighting
   290 | D        | Reached XP level 6. HP: 19/45 MP: 3/9
   290 | D        | Reached XP level 7. HP: 22/50 MP: 3/10
   292 | D        | Reached ** piety under Okawaru
   310 | D        | Noticed a blink frog
   323 | D        | Reached skill level 5 in Invocations
   349 | D        | Killed a blink frog
   350 | D        | Reached skill level 9 in Fighting
   353 | D        | Reached XP level 8. HP: 32/57 MP: 8/12
   354 | D        | Arena points: 138 (+84) [x4]
   376 | D        | Bought 6 potions of might for 168 gold pieces
   381 | D        | Round 4.
   457 | D        | Noticed a wolf spider
   472 | D        | Killed a wolf spider
   472 | D        | Reached *** piety under Okawaru
   473 | D        | Reached skill level 10 in Fighting
   473 | D        | Reached skill level 10 in Armour
   481 | D        | Reached skill level 11 in Fighting
   520 | D        | Reached skill level 10 in Maces & Flails
   544 | D        | Reached XP level 9. HP: 47/64 MP: 15/15
   558 | D        | Arena points: 318 (+180) [x5]
   590 | D        | Round 5.
   593 | D        | Noticed a mana viper
   604 | D        | Killed a mana viper
   604 | D        | Reached **** piety under Okawaru
   605 | D        | Reached skill level 12 in Fighting
   605 | D        | Reached skill level 10 in Invocations
   609 | D        | Bought 3 potions of heal wounds for 105 gold pieces
   617 | D        | Noticed a naga warlord
   630 | D        | Killed a naga warlord
   630 | D        | Arena points: 563 (+245) [x7]
   631 | D        | Reached skill level 13 in Fighting
   633 | D        | Got a serpentine rune of Zot
   634 | D        | Reached XP level 10. HP: 32/73 MP: 9/18
   648 | D        | Bought an ancient amber ring for 45 gold pieces
   648 | D        | Identified the ring of Ighaet {Fly rN+ Stlth+} (You bought
                  | it in a shop in the Dungeon)
   648 | D        | Bought a heavily runed steel ring for 45 gold pieces
   648 | D        | Identified the ring "Huasoukh" {rF+ MP+9 Stlth+} (You
                  | bought it in a shop in the Dungeon)
   812 | D        | Round 6.
   816 | D        | Noticed a green ugly thing
   820 | D        | Noticed a cyan ugly thing
   827 | D        | Killed a green ugly thing
   840 | D        | Killed a cyan ugly thing
   840 | D        | Reached ***** piety under Okawaru
   948 | D        | Noticed a white ugly thing
   950 | D        | Noticed a red ugly thing
   956 | D        | Noticed a brown ugly thing
   968 | D        | Killed a white ugly thing
   969 | D        | Reached XP level 11. HP: 70/79 MP: 20/20
   977 | D        | Killed a brown ugly thing
   978 | D        | Reached skill level 14 in Fighting
   978 | D        | Reached skill level 5 in Dodging
   979 | D        | Noticed a cyan ugly thing
   986 | D        | Noticed a red ugly thing
   988 | D        | Killed a white ugly thing
  1006 | D        | Killed a red ugly thing
  1022 | D        | Killed a cyan ugly thing
  1022 | D        | Arena points: 947 (+384) [x8]
  1039 | D        | Bought 3 potions of heal wounds for 105 gold pieces
  1056 | D        | Bought a quad damage for 400 gold pieces
  1072 | D        | Round 7.
  1093 | D        | Noticed a purple ugly thing
  1105 | D        | Killed a purple ugly thing
  1105 | D        | Received a gift from Okawaru
  1106 | D        | Reached skill level 15 in Fighting
  1123 | D        | Noticed a centaur warrior
  1136 | D        | Killed a centaur warrior
  1176 | D        | Noticed Harold
  1177 | D        | Noticed a cyan ugly thing
  1189 | D        | Killed Harold
  1196 | D        | Killed a cyan ugly thing
  1207 | D        | Reached skill level 15 in Maces & Flails
  1207 | D        | Noticed Erica
  1227 | D        | Killed Erica
  1227 | D        | Arena points: 1514 (+567) [x9]
  1228 | D        | Reached skill level 16 in Fighting
  1279 | D        | Round 8.
  1352 | D        | Noticed an eidolon
  1385 | D        | Killed an eidolon
  1393 | D        | Reached XP level 12. HP: 27/90 MP: 21/21
  1406 | D        | Arena points: 2234 (+720) [x10]
  1448 | D        | Bought 3 potions of heal wounds for 105 gold pieces
  1449 | D        | Bought 4 potions of curing for 84 gold pieces
  1450 | D        | Bought a potion of experience for 300 gold pieces
  1450 | D        | Reached XP level 13. HP: 59/95 MP: 22/22
  1469 | D        | Round 9.
  1563 | D        | Noticed Nessos
  1576 | D        | Killed Nessos
  1577 | D        | Reached skill level 17 in Fighting
  1577 | D        | Reached skill level 10 in Dodging
  1599 | D        | Arena points: 3125 (+891) [x11]
  1618 | D        | Bought 3 potions of haste for 210 gold pieces
  1670 | D        | Round 10.
  1673 | D        | Noticed Polyphemus
  1720 | D        | HP: 2/96 [Polyphemus (20)]
  1727 | D        | Killed Polyphemus
  1727 | D        | Received a gift from Okawaru
  1727 | D        | Identified the ring "Yrathaer" {Ice Dex+2 SInv Stlth+} (You
                  | found it in the Dungeon)
  1727 | D        | Arena points: 4295 (+1170) [x13]
  1728 | D        | Got a barnacled rune of Zot
  1743 | D        | Bought a +5 morningstar of protection for 954 gold pieces
  1762 | D        | Reached skill level 18 in Fighting
  1762 | D        | Gained mutation: Your large and strong wings let you fly.
                  | [Gargoyle growth]
  1762 | D        | Reached XP level 14. HP: 31/104 MP: 23/23
  1901 | D        | Round 11.
  1929 | D        | Noticed an eleionoma
  1964 | D        | Killed an eleionoma
  1968 | D        | Received a gift from Okawaru
  1969 | D        | Reached skill level 19 in Fighting
  1989 | D        | Arena points: 6143 (+1848) [x14]
  2007 | D        | Bought 3 potions of heal wounds for 105 gold pieces
  2015 | D        | Bought a potion of heal wounds for 35 gold pieces
  2019 | D        | Round 12.
  2050 | D        | Reached skill level 20 in Fighting
  2050 | D        | Reached skill level 15 in Armour
  2119 | D        | Arena points: 7943 (+1800) [x15]
  2134 | D        | Round 13.
  2135 | D        | Bought +0 gold dragon scales for 960 gold pieces
  2307 | D        | Arena points: 8112 (+169) [x1]
  2322 | D        | Round 14.
  2352 | D        | Reached skill level 21 in Fighting
  2405 | D        | Received a gift from Okawaru
  2425 | D        | Bought a wavering zirconium amulet for 45 gold pieces
  2425 | D        | Identified the amulet of the Sky {RegenMP SInv} (You bought
                  | it in a shop in the Dungeon)
  2508 | D        | Arena points: 8266 (+154) [x1]
  2523 | D        | Round 15.
  2527 | D        | Noticed a deep elf elementalist
  2572 | D        | Killed a deep elf elementalist
  2572 | D        | Arena points: 8761 (+495) [x3]
  2573 | D        | Reached skill level 22 in Fighting
  2573 | D        | Got an elven rune of Zot
  2610 | D        | Bought 3 potions of heal wounds for 105 gold pieces
  2610 | D        | Bought 3 potions of heal wounds for 105 gold pieces
  2638 | D        | Bought a scroll of brand weapon for 95 gold pieces
  2661 | D        | Bought a clouded wooden ring for 45 gold pieces
  2661 | D        | Identified the ring "Nepnarch" {rElec Str+2 Int+6 Dex+2}
                  | (You bought it in a shop in the Dungeon)
  2747 | D        | Round 16.
  2765 | D        | Reached skill level 1 in Throwing
  2765 | D        | Reached XP level 15. HP: 118/118 MP: 24/24
  2778 | D        | Reached XP level 16. HP: 81/124 MP: 0/25
  2784 | D        | Noticed Geryon
  2837 | D        | Reached skill level 23 in Fighting
  2865 | D        | Reached skill level 5 in Throwing
  2867 | D        | Mangled by Geryon

Illustrated notes

Levels and vault maps discovered:
D:        arena_sprint

Skill      XL: |  1  2  3  4  5  6  7  8  9 10 11 12 13 14 15 16 |
---------------+-------------------------------------------------+-----
Fighting       | 4 5 6 8 9 11 13 16 18 22 23 | 23.1
Maces & Flails | 3 4 5 7 8 10 12 13 15 17 18 | 18.0
Armour         | 4 5 6 8 9 10 12 18 19 | 19.3
Shields        | 4 5 6 8 9 |  9.4
Invocations    | 4 6 9 11 12 | 12.0
Dodging        | 3 4 9 10 | 10.1
Throwing       | 1 2 5 |  5.1

Action                     |  1- 3 |  4- 6 |  7- 9 | 10-12 | 13-15 | 16-18 || total
---------------------------+-------+-------+-------+-------+-------+-------++-------
  Melee: Flail             |    25 |    21 |   110 |   222 |    70 |       ||   448
         Morningstar       |       |       |       |       |   238 |    64 ||   302
 Invoke: Heroism           |       |     1 |     3 |     4 |     2 |       ||    10
         Finesse           |       |       |       |     3 |     4 |       ||     7
  Evoke: Wand              |     1 |     2 |     3 |     3 |     1 |       ||    10
         Quad damage       |       |       |       |       |     1 |       ||     1
    Use: Potion            |     2 |       |     4 |     8 |    14 |     9 ||    37
         Scroll            |       |       |       |       |     2 |     3 ||     5
   Stab: Invisible         |     1 |       |     1 |       |       |       ||     2
 Armour: Scale mail        |     4 |       |       |       |       |       ||     4
         Chain mail        |     3 |    13 |    55 |    41 |    96 |       ||   208
         Gold dragon scale |       |       |       |       |    98 |    66 ||   164
  Dodge: Dodged            |    11 |     7 |    37 |    34 |   107 |    44 ||   240
  Block: Buckler           |    12 |    11 |    61 |    45 |   160 |    60 ||   349
         Reflection        |       |       |       |       |    10 |       ||    10

Table legend: (Time is in decaauts)
 A = Elapsed time spent in this place.
 B = Non-inter-level travel time spent in this place.
 C = Inter-level travel time spent in this place.
 D = Time resting spent in this place.
 E = Time spent auto-exploring this place.
 F = Levels seen in this place.
 G = Mean time per level.
                   A        B        C        D        E       F      G
               +--------+--------+--------+--------+--------+-----+--------+
         Total |   2543 |   2543 |      0 |    841 |    101 |   1 | 2543.0 |
       Dungeon |   2543 |   2543 |      0 |    841 |    101 |   1 | 2543.0 |
               +--------+--------+--------+--------+--------+-----+--------+

Top non-repeatable levels by time:
       D: 2543 daAuts
